 Dungeon Crawl Stone Soup version 0.23.0 (webtiles) character file.

Game seed: 4627344004214009652

44521 Flugkiller the Nimble (level 14, -13/72 HPs)
             Began as a Vine Stalker Assassin on Feb 18, 2019.
             Was the Champion of Okawaru.
             Killed from afar by an orc sorcerer (18 damage)
             ... with a wand of acid (7)
             ... on level 15 of the Dungeon.
             The game lasted 00:29:13 (17067 turns).

Flugkiller the Nimble (Vine Stalker Assassin)      Turns: 17067, Time: 00:29:13

Health: -13/72     AC: 15    Str: 19    XL:     14   Next: 29%
Magic:  0/21       EV: 12    Int: 11    God:    Okawaru [******]
Gold:   945        SH:  5    Dex: 16    Spells: 13/13 levels left

rFire    . . .     SeeInvis .   W - +9 rapier (vamp)
rCold    + + .     Gourm    .   o - +0 buckler of the Lonely Yaks {rC+}
rNeg     . . .     Faith    +   J - +0 plate armour
rPois    .         Spirit   +   C - +1 helmet
rElec    .         Reflect  .   d - +0 cloak
rCorr    .         Harm     .   (no gloves)
MR       +....                  (no boots)
Stlth    ..........             A - amulet of faith
HPRegen  1.02/turn              r - ring of protection from cold
MPRegen  0.17/turn              (no ring)

@: lethally poisoned (-13 -> -13), about to teleport, corroded
A: fangs 3, regeneration 2, magic shield, antimagic bite, no potion heal 3, rot
immunity
a: Heroism, Finesse, Renounce Religion


You were on level 15 of the Dungeon.
You worshipped Okawaru.
Okawaru was exalted by your worship.
You were not hungry.

You visited 1 branch of the dungeon, and saw 15 of its levels.

You collected 1060 gold pieces.
You spent 115 gold pieces at shops.

Inventory:

Hand Weapons
 b - a +0 blowgun
 G - a +5 quick blade
   (Okawaru gifted it to you on level 9 of the Dungeon)
 Q - a +0 short sword of distortion
   (You took it off Sonja on level 11 of the Dungeon)
 S - a +4 dagger of venom
   (Okawaru gifted it to you on level 13 of the Dungeon)
 W - a +9 vampiric rapier (weapon)
   (Okawaru gifted it to you on level 14 of the Dungeon)
Missiles
 e - 40 poisoned needles
 f - 5 curare-tipped needles
 w - 8 needles of confusion
Armour
 d - a +0 cloak (worn)
 o - the +0 buckler of the Lonely Yaks (worn) {rC+}
   (Okawaru gifted it to you on level 12 of the Dungeon)

   It protects you from cold.
 C - a +1 helmet (worn)
   (You took it off Robin on level 4 of the Dungeon)
 J - a +0 plate armour (worn)
   (You found it on level 9 of the Dungeon)
Jewellery
 r - a ring of protection from cold (left hand)
   (You took it off a yaktaur on level 14 of the Dungeon)
 u - a +3 amulet of reflection
   (You found it on level 3 of the Dungeon)
 v - an uncursed ring of ice
   (You found it on level 3 of the Dungeon)
 A - an amulet of faith (around neck)
   (You found it on level 9 of the Dungeon)
 E - an uncursed ring of fire
   (You found it on level 4 of the Dungeon)
 I - a cursed amulet of inaccuracy {unknown}
   (You found it on level 11 of the Dungeon)
 O - an uncursed amulet of the acrobat
   (You found it on level 11 of the Dungeon)
Wands
 j - a wand of acid (15)
   (You found it on level 7 of the Dungeon)
 x - a wand of flame (27)
   (You took it off a big kobold on level 8 of the Dungeon)
 D - a wand of iceblast (20)
   (You took it off Ijyb on level 4 of the Dungeon)
 P - a wand of polymorph (10)
   (You took it off Sonja on level 11 of the Dungeon)
 T - a wand of digging (2)
   (You took it off a gnoll on level 14 of the Dungeon)
Scrolls
 a - 2 scrolls of fog
 c - 2 scrolls of enchant armour
 i - a scroll of fear
 n - a scroll of enchant weapon
 p - 4 scrolls of teleportation
 q - 5 scrolls of remove curse
 s - 2 scrolls of amnesia {unknown}
 t - a scroll of immolation {unknown}
 y - 2 scrolls of magic mapping
 K - a scroll of silence {unknown}
 L - a scroll of blinking {unknown}
 R - 3 scrolls of identify
Potions
 h - 3 potions of agility
 k - 2 potions of magic
 l - 3 potions of curing
 m - 2 potions of ambrosia {unknown}
 z - 2 potions of lignification
 B - 2 potions of haste {unknown}
 F - 2 potions of mutation
 H - 3 potions of brilliance
 M - 2 potions of might
 N - 2 potions of flight {unknown}
 X - a potion of resistance {unknown}
Miscellaneous
 U - a lamp of fire
   (You found it on level 14 of the Dungeon)
Comestibles
 g - 27 rations
 V - 2 chunks of flesh


   Skills:
 + Level 7.9 Fighting
 + Level 9.0 Short Blades
 - Level 1.7 Throwing
 - Level 11.3 Armour
 - Level 11.3 Dodging
 - Level 4.8 Stealth
 - Level 4.0 Shields
 - Level 8.1 Invocations


You had 13 spell levels left.
You didn't know any spells.
Your spell library contained the following spells:

 Spells                   Type           Power        Failure   Level  Hunger
 Confusing Touch          Hex            #.....       99%         1    ##.....
 Flame Tongue             Conj/Fire      #....        99%         1    ##.....
 Magic Dart               Conj           #...         99%         1    ##.....
 Searing Ray              Conj           #.....       100%        2    ###....
 Throw Flame              Conj/Fire      #.....       100%        2    ###....
 Confuse                  Hex            #.......     100%        3    ####...
 Conjure Flame            Conj/Fire      #.......     100%        3    ####...
 Dazzling Spray           Conj/Hex       #.....       100%        3    ####...
 Gell's Gravitas          Tloc           #.........   100%        3    ####...
 Inner Flame              Hex/Fire       #.......     100%        3    ####...
 Force Lance              Conj/Tloc      #.......     100%        4    #####..
 Fulminant Prism          Conj/Hex       #.........   100%        4    #####..
 Iskenderun's Mystic Bla  Conj           #.......     100%        4    #####..
 Petrify                  Tmut/Erth      #.......     100%        4    #####..
 Sticky Flame             Conj/Fire      #.......     100%        4    #####..
 Fireball                 Conj/Fire      #.........   100%        5    ######.
 Metabolic Englaciation   Hex/Ice        #.........   100%        5    ######.
 Yara's Violent Unravell  Hex/Tmut       #.........   100%        5    ######.


Dungeon Overview and Level Annotations

Branches:
Dungeon (15/15)            Temple (0/1) D:4            Lair (0/6) D:10
    Orc (0/2) D:12         Vaults (0/5) D:14
 Depths: D:15

Altars:
Cheibriados
Elyvilon
Gozag
Hepliaklqana
Nemelex Xobeh
Okawaru
Ru
Sif Muna
Vehumet
Yredelemnul

Shops:
D:6 ?   D:7 *

Annotations:
D:3 1 runed translucent door, Crazy Yiuf
D:11 exclusion: ice statue
D:14 exclusion: Roxanne, Roxanne


Innate Abilities, Weirdness & Mutations

You have razor-sharp teeth.
You heal very quickly.
When hurt, damage is shared between your health and your magic reserves.
Your bite disrupts and absorbs the magic of your enemies.
Potions cannot restore your health.
You are immune to rotting.


Message History

You feel very sick. You block the deep elf knight's attack.
The green ugly thing claws you but does no damage.
Unknown command.
As you read the scroll of teleportation, it crumbles to dust.
You feel strangely unstable.
You feel sick.
The deep elf knight hits you but does no damage.
The deep elf knight points at you and mumbles some strange words.
The stone arrow misses you.
The green ugly thing claws you but does no damage.
Unknown command.
You feel sick.
Unknown command.
Your surroundings suddenly seem different.
You feel sick.
Found a scroll of magic mapping.
You feel sick.
You feel sick.
You feel sick.
You feel sick.
You feel sick.
You feel sick.
The orc sorcerer shouts!
The orc sorcerer zaps a wand.
The bolt of acid misses you.
You feel sick.
Unknown command.
Okay, then.
Okay, then.
Unknown command.
Unknown command.
Evoke which item? (* to show all) (? for menu, Esc to quit)
Okay, then.
Unknown command.
As you read the scroll of teleportation, it crumbles to dust.
You feel strangely unstable.
You feel sick.
The orc sorcerer zaps a wand.
The bolt of acid hits you!
* * * LOW HITPOINT WARNING * * *
The acid corrodes you!
You are splashed with acid!
* * * LOW HITPOINT WARNING * * *
Some of the chunks of flesh in your inventory have rotted away.
You feel sick. The orc sorcerer casts a spell at you.
You resist with almost no effort.
Unknown command.
You feel sick.
The orc sorcerer zaps a wand.
The bolt of acid hits you!!
You die...

#........#
###.#.....##.......
#..........# ..#...#
##....... #..........#
.#.#. #.......
#..........# ...#..
#....... #.......####.
.. #.#### #...####
#..###..# ..#..
#.o..###...#
#..#####.####....[.....#
#.......#.......####...#
#.........@.##..# #...#
#.......#..### .# #...#
#..........# # #...#
#.........## #...####
#.........# #.......
#.........# #.......
#.....?...# #.......
#..#####..# #..##### #..
#..# #..# #..#


You could see an orc sorcerer.

Vanquished Creatures
  Kirke (D:13)
  2 minotaurs (D:14)
  Snorg (D:11)
  3 hydras
  7 two-headed ogres
  4 centaur warriors
  4 death yaks (D:14)
  The ghost of LostNumber the Summoner, a novice DrSu of Kikubaaqudgha (D:10)
  A tengu warrior (D:11)
  Urug (D:10)
  Sonja (D:11)
  2 unseen horrors
  A wizard (D:14)
  2 deep elf magi (D:12)
  2 manticores
  3 ugly things
  A komodo dragon (D:14)
  2 efreet
  14 yaktaurs
  4 tengu conjurers
  8 trolls
  A harpy skeleton (D:14)
  3 meliai
  Grinder (D:4)
  10 slime creatures
  3 hippogriffs
  A shadow (D:14)
  2 meliai zombies (D:13)
  Sigmund (D:4)
  2 wraiths
  3 hogs (D:13)
  A wyvern (D:14)
  14 yaks
  A hungry ghost (D:14)
  A steam dragon (D:11)
  Grum (D:11)
  6 vampire mosquitoes
  An acid dragon (D:15)
  3 water moccasins
  3 ice beasts
  A hornet zombie (D:9)
  4 phantoms
  4 orc warriors
  An eye of draining (D:9)
  3 boggarts (D:15)
  7 ogres
  3 wolves
  15 centaurs
  A big kobold (D:8)
  10 bullfrogs
  A water moccasin skeleton (D:12)
  4 scorpions
  An electric eel (D:14)
  8 wights
  4 howler monkeys
  2 quasits
  4 crimson imps
  4 orc priests
  2 centaur zombies
  5 hounds
  4 jellies
  2 bullfrog zombies
  3 bullfrog skeletons
  A centaur skeleton (D:5)
  13 orc wizards
  Ijyb (D:4)
  5 iguanas
  7 worker ants
  A killer bee zombie (D:6)
  2 hound zombies (D:9)
  2 hound skeletons
  Robin (D:4)
  2 worker ant zombies
  13 gnolls
  18 adders
  3 shadow imps
  2 adder zombies
  2 adder skeletons
  A worm (D:2)
  2 dart slugs
  5 leopard geckos
  63 orcs
  5 bats (D:1)
  4 giant cockroaches
  9 hobgoblins
  11 jackals
  9 kobolds
  5 quokkas
  3 ball pythons
  8 frilled lizards
  16 goblins
  A jackal zombie (D:7)
  7 rats
  A spectral orc (D:3)
439 creatures vanquished.

Vanquished Creatures (others)
  A vampire mosquito (D:12)
  A hornet simulacrum (D:14)
  A gnoll (D:14)
3 creatures vanquished.

Grand Total: 442 creatures vanquished

Notes
Turn   | Place    | Note
-------+----------+-------------------------------------------
     0 | D:1      | Flugkiller the Vine Stalker Assassin began the quest for
                  | the Orb.
     0 | D:1      | Reached XP level 1. HP: 11/11 MP: 2/2
    85 | D:1      | Reached XP level 2. HP: 11/15 MP: 3/3
   933 | D:1      | Reached XP level 3. HP: 19/19 MP: 2/4
  1648 | D:2      | Found an iron altar of Okawaru.
  1662 | D:2      | Gained mutation: Your natural rate of healing is unusually
                  | fast. [Vine Stalker growth]
  1662 | D:2      | Reached XP level 4. HP: 19/23 MP: 5/5
  1791 | D:2      | Became a worshipper of Warmaster Okawaru
  2100 | D:2      | Found a hazy altar of Hepliaklqana.
  2185 | D:2      | Found a snail-covered altar of Cheibriados.
  2314 | D:3      | Reached skill level 1 in Shields
  2314 | D:3      | Reached XP level 5. HP: 12/28 MP: 2/6
  2411 | D:3      | Found an iron altar of Okawaru.
  2420 | D:3      | Found an opulent altar of Gozag.
  2421 | D:3      | Found a deep blue altar of Sif Muna.
  2507 | D:3      | Reached skill level 1 in Invocations
  2663 | D:3      | Reached XP level 6. HP: 32/32 MP: 8/8
  2934 | D:3      | Found a runed translucent door.
  2935 | D:3      | Noticed Crazy Yiuf
  2996 | D:3      | Found a basalt altar of Yredelemnul.
  3241 | D:4      | Noticed a phantom
  3333 | D:3      | Killed a phantom
  3333 | D:3      | Reached * piety under Okawaru
  3492 | D:4      | Reached XP level 7. HP: 21/37 MP: 5/9
  3593 | D:4      | Noticed Robin
  3613 | D:4      | Killed Robin
  3676 | D:4      | Noticed Grinder
  4107 | D:4      | Noticed Sigmund
  4125 | D:4      | Killed Sigmund
  4161 | D:4      | Found a staircase to the Ecumenical Temple.
  4187 | D:4      | Noticed Ijyb
  4209 | D:4      | Killed Ijyb
  4295 | D:4      | Reached ** piety under Okawaru
  4378 | D:4      | Killed Grinder
  4378 | D:4      | Reached skill level 5 in Fighting
  4378 | D:4      | Gained mutation: You have razor-sharp teeth. [Vine Stalker
                  | growth]
  4378 | D:4      | Reached XP level 8. HP: 23/43 MP: 5/11
  4652 | D:5      | Entered Level 5 of the Dungeon
  4668 | D:5      | Reached skill level 5 in Short Blades
  5255 | D:6      | Found Xatuenn's Magic Scroll Shop.
  5283 | D:6      | Bought a scroll of teleportation for 33 gold pieces
  5283 | D:6      | Bought a scroll of enchant weapon for 82 gold pieces
  5405 | D:6      | Reached XP level 9. HP: 32/49 MP: 8/12
  5610 | D:6      | Reached *** piety under Okawaru
  5795 | D:7      | Found a sparkling altar of Nemelex Xobeh.
  6008 | D:7      | Found Giat's Assorted Antiques.
  6654 | D:7      | Reached skill level 1 in Dodging
  6983 | D:8      | Reached **** piety under Okawaru
  6983 | D:8      | Reached skill level 1 in Armour
  7058 | D:8      | Found a sacrificial altar of Ru.
  7306 | D:8      | Noticed a two-headed ogre
  7367 | D:8      | Killed a two-headed ogre
  7367 | D:8      | Reached XP level 10. HP: 38/55 MP: 9/14
  7824 | D:9      | Noticed a two-headed ogre
  7973 | D:9      | Reached ***** piety under Okawaru
  8180 | D:9      | Killed a two-headed ogre
  8180 | D:9      | Reached skill level 5 in Invocations
  8191 | D:9      | Received a gift from Okawaru
  8276 | D:9      | Got a faintly glowing mace
  8645 | D:9      | Found a radiant altar of Vehumet.
  8645 | D:9      | Found a white marble altar of Elyvilon.
  8708 | D:10     | Entered Level 10 of the Dungeon
  8837 | D:10     | Found a runed translucent door.
  8837 | D:10     | Noticed LostNumber's ghost (novice DrSu)
  8851 | D:10     | Found a staircase to the Lair.
  9107 | D:10     | Reached XP level 11. HP: 49/58 MP: 12/16
  9282 | D:10     | Killed an unseen horror
  9497 | D:11     | Noticed Urug
  9570 | D:11     | Noticed a two-headed ogre
  9589 | D:10     | Received a gift from Okawaru
  9872 | D:10     | Killed a two-headed ogre
  9872 | D:10     | Reached skill level 5 in Dodging
 10018 | D:10     | Reached skill level 5 in Armour
 10098 | D:10     | Killed LostNumber's ghost
 10464 | D:10     | Killed Urug
 10841 | D:11     | Noticed Grum
 10865 | D:11     | Killed Grum
 10964 | D:11     | Noticed Sonja
 10967 | D:11     | Killed Sonja
 11051 | D:11     | Reached ****** piety under Okawaru
 11181 | D:11     | Received a gift from Okawaru
 11315 | D:11     | Noticed a four-headed hydra
 11316 | D:11     | Noticed a two-headed ogre
 11340 | D:11     | Killed a two-headed ogre
 11388 | D:11     | Killed a four-headed hydra
 11688 | D:11     | Noticed Snorg
 11715 | D:11     | Killed Snorg
 11715 | D:11     | Gained mutation: You heal very quickly. [Vine Stalker
                  | growth]
 11715 | D:11     | Reached XP level 12. HP: 41/63 MP: 16/19
 11727 | D:11     | Identified the +8 flail of Doyfy {crush, rElec rPois}
 12021 | D:12     | Received a gift from Okawaru
 12043 | D:12     | Got a distressingly furry buckler {god gift}
 12131 | D:11     | Identified the +0 buckler of the Lonely Yaks {rC+} (Okawaru
                  | gifted it to you on level 12 of the Dungeon)
 12151 | D:12     | Noticed a tengu warrior
 12172 | D:11     | Killed a tengu warrior
 12239 | D:12     | Noticed a two-headed ogre
 12279 | D:12     | Killed a two-headed ogre
 12529 | D:12     | Noticed a two-headed ogre
 12545 | D:12     | Killed a two-headed ogre
 12671 | D:12     | Found a staircase to the Orcish Mines.
 13159 | D:13     | Received a gift from Okawaru
 13228 | D:13     | Reached XP level 13. HP: 60/67 MP: 16/20
 13357 | D:13     | Noticed Kirke
 13384 | D:13     | Noticed a sphinx
 13418 | D:13     | Killed Kirke
 13828 | D:14     | Received a gift from Okawaru
 13984 | D:13     | Reached skill level 10 in Dodging
 14004 | D:14     | Reached skill level 10 in Armour
 14093 | D:14     | Noticed Roxanne
 14267 | D:14     | Received a gift from Okawaru
 14285 | D:14     | Got a faintly glowing robe {god gift}
 14861 | D:14     | Found a gate to the Vaults.
 15244 | D:14     | Identified the +9 hand crossbow "Kuzoc" {speed, rC+ MR+
                  | Int-2}
 15244 | D:14     | Noticed a minotaur
 15587 | D:14     | Noticed a minotaur
 15627 | D:15     | Entered Level 15 of the Dungeon
 16227 | D:14     | Killed a minotaur
 16227 | D:14     | Reached XP level 14. HP: 48/72 MP: 19/21
 16364 | D:14     | Received a gift from Okawaru
 16609 | D:14     | Identified the +2 robe "Putinaxt" {rPois rN+ Str+3 Dex-5}
                  | (Okawaru gifted it to you on level 14 of the Dungeon)
 17067 | D:15     | Killed from afar by an orc sorcerer

Skill      XL: |  1  2  3  4  5  6  7  8  9 10 11 12 13 14 |
---------------+-------------------------------------------+-----
Fighting       | 2 3 4 5 6 7 |  7.9
Short Blades   | 2 3 4 6 8 9 |  9.0
Shields        | 1 2 3 4 |  4.0
Invocations    | 1 2 3 4 6 8 |  8.1
Dodging        | 2 4 6 9 10 11 | 11.3
Armour         | 2 4 6 9 10 11 | 11.3
Throwing       | |  1.7
Stealth        | |  4.8

Action                   |  1- 3 |  4- 6 |  7- 9 | 10-12 | 13-15 || total
-------------------------+-------+-------+-------+-------+-------++-------
Melee: Dagger            |    91 |   213 |   469 |   415 |       ||  1188
       Bite              |    23 |    73 |   153 |   401 |   392 ||  1042
       Quick blade       |       |       |       |   593 |   741 ||  1334
       Rapier            |       |       |       |       |    94 ||    94
Invok: Heroism           |       |       |       |     1 |     2 ||     3
       Finesse           |       |       |       |       |     2 ||     2
Evoke: Wand              |       |       |       |     4 |     1 ||     5
  Use: Scroll            |       |       |    11 |     6 |    12 ||    29
       Potion            |       |       |     1 |       |     2 ||     3
 Stab: Sleeping          |     9 |     6 |     7 |       |       ||    22
  Eat: Chunk             |     2 |     6 |    13 |    16 |     9 ||    46
       Ration            |       |       |       |     2 |     3 ||     5
Armor: Robe              |    25 |    23 |    49 |       |       ||    97
       Chain mail        |       |       |    22 |    40 |       ||    62
       Plate armour      |       |       |       |   274 |   227 ||   501
Dodge: Dodged            |    47 |    70 |   155 |   215 |   239 ||   726
Block: Buckler           |       |    60 |   138 |   139 |   137 ||   474
       Reflection        |       |       |     1 |       |       ||     1
